 Dungeon Sprint DCSS version 0.16-a0-3781-g2316936 (console) character file.

8932 Monkaria the Fencer (level 11, -12/102 HPs)
             Began as a Hill Orc Fighter on Jan 25, 2015.
             Was the Champion of Makhleb.
             Killed from afar by an ogre mage (33 damage)
             ... with a bolt of cold
             ... in the Dungeon (Sprint IX: "|||||||||||||||||||||||||||||").
             The game lasted 00:10:27 (2509 turns).

Monkaria the Fencer (Hill Orc Fighter)              Turns: 2509, Time: 00:10:27

Health: -12/102    AC: 19    Str: 23    XL:     11   Next: 38%
Magic:  29/29      EV:  9    Int: 11    God:    Makhleb [******]
Gold:   1250       SH: 11    Dex: 10    Spells: 0 memorised, 10 levels left

rFire  . . .     SeeInvis .     q - +2 scimitar (holy)
rCold  . . .     Clarity  .     z - +3 chain mail
rNeg   . . .     SustAb   .     c - +0 shield
rPois  .         Gourm    .     (no helmet)
rElec  .         Spirit   .     g - +0 cloak
rCorr  .         Warding  .     r - +0 pair of gloves
rMut   .         NoTele   +     e - +0 pair of boots
MR     .....                    (no amulet)
Stlth  ..........               u - +2 ring of evasion
                                t - +3 ring of intelligence

@: not resistant to hostile enchantments, extremely unstealthy
A: no striking features
a: Minor Destruction, Lesser Servant of Makhleb, Major Destruction, Greater
Servant of Makhleb, Renounce Religion


You were in the Dungeon.
You worshipped Makhleb.
Makhleb was exalted by your worship.
You were not hungry.

You visited 1 branch You collected 1250 gold pieces.

Inventory:

Hand weapons
 q - a +2 scimitar of holy wrath (weapon)
Missiles
 h - 2 tomahawks (quivered)
 m - 4 poisoned tomahawks
Armour
 c - a +0 shield (worn)
 e - a +0 pair of boots (worn)
 g - a +0 cloak (worn)
 r - a +0 pair of gloves (worn)
 z - a +3 chain mail (worn)
 A - a +0 plate armour of fire resistance
Jewellery
 t - a +3 ring of intelligence (left hand)
 u - a +2 ring of evasion (right hand)
Magical devices
 p - a wand of draining (7)
Scrolls
 k - 3 scrolls of blinking
 n - 3 scrolls of remove curse
 o - 2 scrolls of amnesia
 v - 2 scrolls of enchant armour
 w - 2 scrolls of fog
 x - a scroll of recharging
Potions
 b - 2 potions of brilliance
 i - 4 potions of magic
 j - 2 potions of berserk rage
Books
 y - a book of Enchantments

   Spells                             Type                      Level
   a - Tukima's Dance                 Hexes                        3
   b - Cause Fear                     Hexes                        4
   c - Silence                        Hexes/Air                    5
   d - Deflect Missiles               Charms/Air                   6
   e - Haste                          Charms                       6
   f - Discord                        Hexes                        8
Comestibles
 d - 13 meat rations
 f - 40 fruits
 l - 13 bread rations


   Skills:
 - Level 11.1 Fighting
 - Level 17.2 Long Blades
 + Level 10.5 Armour
 - Level 9.0 Shields
 - Level 17.1 Invocations
 + Level 9.7 Evocations


You had 10 spell levels left.
You didn't know any spells.

Dungeon Overview and Level Annotations

Branches:
Dungeon (1/1)

Altars:
Cheibriados
Dithmenos
Elyvilon
Fedhas
Gozag
Kikubaaqudgha
Makhleb
Nemelex Xobeh
Okawaru
Qazlal
Ru
Sif Muna
Trog
Vehumet
Xom
Yredelemnul
Zin
The Shining One
Beogh
Jiyva
Lugonu

Shops:
D }:


Message History

The bolt of fire hits the two-headed ogre. x2
Makhleb accepts your kill.
You feel a bit more experienced.
Your balrug hits the two-headed ogre with a demon whip of electrocution!
The two-headed ogre is engulfed in flames!!
The two-headed ogre dies!
Makhleb accepts your kill.
You slash the ogre mage!
The ogre mage is heavily wounded.
The ogre mage casts a spell at you. The bolt of cold hits you!
* * * LOW HITPOINT WARNING * * *
You hit the ogre mage but do no damage.
The ogre mage is heavily wounded.
You block the ogre mage's attack.
You slash the ogre mage!
The ogre mage is severely wounded.
The ogre mage gestures at you while chanting.
The bolt of cold hits you!
You die...

▓▓▓▓▓▓▓▓▓▓▓▓▓▓▓▓▓▓▓▓▓▓▓▓▓▓▓▓▓
∩$∩$$$O)2[..@O..)))))).......
▓▓▓▓▓▓▓▓▓▓▓▓▓▓▓▓▓▓▓▓▓▓▓▓▓▓▓▓▓▓▓▓▓
.......................((..((..).
▓▓▓▓▓▓▓▓▓▓▓▓▓▓▓▓▓▓▓▓▓▓▓▓▓▓▓▓▓▓▓▓▓
).)........'.÷..)...÷'........÷÷.
▓▓▓▓▓▓▓▓▓▓▓▓▓▓▓▓▓▓▓▓▓▓▓▓▓▓▓▓▓▓▓▓▓
.................................
▓▓▓▓▓▓▓▓▓▓▓▓▓▓▓▓▓▓▓▓▓▓▓▓▓▓▓▓▓▓▓▓▓
...')..[.)|..'___________________


You could see an ogre mage, a two-headed ogre and a friendly balrug.

Vanquished Creatures
  An orc knight (D)
  A black mamba (D)
  Joseph (D)
  2 elephants (D)
  4 spiny frogs (D)
  A deep elf mage (D)
  A hippogriff (D)
  A water moccasin (D)
  An ice beast (D)
  14 orc warriors (D)
  2 porcupines (D)
  A black bear (D)
  A phantom (D)
  A crocodile (D)
  A wasp (D)
  A boring beetle (D)
  A crimson imp (D)
  An orc priest (D)
  4 orc wizards (D)
  A sheep (D)
  3 adders (D)
  A river rat (D)
  A shadow imp (D)
  An adder zombie (D)
  A giant gecko (D)
  6 orcs (D)
  3 bats (D)
  A giant cockroach (D)
  A hobgoblin (D)
  A kobold (D)
  A giant newt (D)
  2 goblins (D)
  A jackal zombie (D)
  A rat (D)
  A ballistomycete (D)
66 creatures vanquished.

Vanquished Creatures (collateral kills)
  4 dire elephants (D)
  A blizzard demon (D)
  A hydra (D)
  2 ogre magi (D)
  2 elephants (D)
  2 two-headed ogres (D)
  An ogre (D)
  A sheep (D)
14 creatures vanquished.

Vanquished Creatures (others)
  An Executioner (D)
  A balrug (D)
  2 green deaths (D)
  A spatial maelstrom (D)
  A neqoxec (D)
  A giant spore (D)
7 creatures vanquished.

Grand Total: 87 creatures vanquished

Notes
Turn   | Place    | Note
--------------------------------------------------------------
     0 | D        | Monkaria, the Hill Orc Fighter, began the quest for the Orb.
     0 | D        | Reached XP level 1. HP: 19/19 MP: 1/1
     9 | D        | Reached skill level 4 in Fighting
     9 | D        | Banished a spatial maelstrom
    38 | D        | Noticed a crimson imp
    46 | D        | Reached XP level 2. HP: 25/28 MP: 2/2
    82 | D        | Killed a crimson imp
    82 | D        | Reached skill level 5 in Fighting
    82 | D        | Reached skill level 6 in Long Blades
    82 | D        | Reached XP level 3. HP: 33/37 MP: 3/3
   115 | D        | Found a glowing silver altar of Zin.
   115 | D        | Found a glowing golden altar of the Shining One.
   115 | D        | Found an ancient bone altar of Kikubaaqudgha.
   115 | D        | Found a basalt altar of Yredelemnul.
   115 | D        | Found a shimmering altar of Xom.
   115 | D        | Found a radiant altar of Vehumet.
   115 | D        | Found an iron altar of Okawaru.
   116 | D        | Found a burning altar of Makhleb.
   117 | D        | Found a deep blue altar of Sif Muna.
   118 | D        | Found a bloodstained altar of Trog.
   119 | D        | Found a sparkling altar of Nemelex Xobeh.
   120 | D        | Found a white marble altar of Elyvilon.
   121 | D        | Found a roughly hewn altar of Beogh.
   122 | D        | Found a viscous altar of Jiyva.
   123 | D        | Found a corrupted altar of Lugonu.
   124 | D        | Found a blossoming altar of Fedhas.
   125 | D        | Found a snail-covered altar of Cheibriados.
   126 | D        | Found a shadowy altar of Dithmenos.
   127 | D        | Found a stormy altar of Qazlal.
   128 | D        | Found an opulent altar of Gozag.
   133 | D        | Became a worshipper of Makhleb the Destroyer
   138 | D        | Found a sacrificial altar of Ru.
   188 | D        | Noticed a wasp
   188 | D        | Noticed an orc wizard
   188 | D        | Noticed a phantom
   217 | D        | Killed a phantom
   217 | D        | Acquired Makhleb's first power
   217 | D        | Reached skill level 10 in Long Blades
   217 | D        | Reached XP level 4. HP: 29/44 MP: 4/4
   217 | D        | Reached XP level 5. HP: 32/50 MP: 5/5
   236 | D        | Killed an orc wizard
   236 | D        | Acquired Makhleb's second power
   236 | D        | Reached skill level 11 in Long Blades
   241 | D        | Paralysed by a wasp for 3 turns
   250 | D        | Killed a wasp
   250 | D        | Reached skill level 12 in Long Blades
   250 | D        | Reached XP level 6. HP: 10/57 MP: 6/6
   493 | D        | Noticed an ice beast
   493 | D        | Noticed a black bear
   493 | D        | Noticed a deep elf mage
   498 | D        | Killed a deep elf mage
   498 | D        | Acquired Makhleb's third power
   498 | D        | Killed a black bear
   498 | D        | Reached XP level 7. HP: 30/62 MP: 7/7
   533 | D        | Killed an ice beast
   848 | D        | Noticed a spiny frog
   848 | D        | Noticed a black mamba
   848 | D        | Noticed a spiny frog
   848 | D        | Noticed a spiny frog
   848 | D        | Noticed a porcupine
   852 | D        | Killed a porcupine
   852 | D        | Acquired Makhleb's fourth power
   881 | D        | Killed a spiny frog
   881 | D        | Reached skill level 13 in Long Blades
   881 | D        | Reached XP level 8. HP: 47/73 MP: 8/8
   882 | D        | Acquired Makhleb's fifth power
   888 | D        | Killed a spiny frog
   888 | D        | Reached skill level 14 in Long Blades
   894 | D        | Killed a black mamba
   894 | D        | Reached skill level 15 in Long Blades
   905 | D        | Killed a spiny frog
   905 | D        | Reached skill level 10 in Fighting
   905 | D        | Reached XP level 9. HP: 67/85 MP: 9/9
   925 | D        | Noticed a hippogriff
   925 | D        | Noticed a four-headed hydra
   925 | D        | Noticed a water moccasin
   925 | D        | Noticed a crocodile
   925 | D        | Noticed a boring beetle
   925 | D        | Noticed a porcupine
   928 | D        | Noticed a spiny frog
   932 | D        | Killed a porcupine
   941 | D        | Killed a boring beetle
   947 | D        | Killed a crocodile
   947 | D        | Reached skill level 16 in Long Blades
   951 | D        | Killed a water moccasin
   967 | D        | Killed a four-headed hydra
   972 | D        | Killed a hippogriff
   982 | D        | Killed a spiny frog
   982 | D        | Reached skill level 10 in Invocations
  1172 | D        | Noticed a dire elephant
  1172 | D        | Noticed a dire elephant
  1172 | D        | Noticed a dire elephant
  1172 | D        | Noticed a dire elephant
  1172 | D        | Noticed an elephant
  1172 | D        | Noticed an elephant
  1172 | D        | Noticed an elephant
  1177 | D        | Killed an elephant
  1183 | D        | Killed an elephant
  1183 | D        | Reached XP level 10. HP: 79/94 MP: 22/25
  1188 | D        | Killed a dire elephant
  1192 | D        | Killed a dire elephant
  1203 | D        | HP: 3/94 [dire elephant (19)]
  1205 | D        | Killed a dire elephant
  1207 | D        | Killed a dire elephant
  1207 | D        | Killed an elephant
  1207 | D        | Reached skill level 17 in Invocations
  1573 | D        | Noticed an elephant
  1590 | D        | Killed an elephant
  1757 | D        | Noticed Joseph
  1780 | D        | Killed Joseph
  1818 | D        | Noticed an orc warrior
  1818 | D        | Noticed an orc wizard
  1818 | D        | Noticed an orc wizard
  1818 | D        | Noticed an orc warrior
  1819 | D        | Noticed an orc wizard
  1832 | D        | Killed an orc warrior
  1839 | D        | Killed an orc wizard
  1849 | D        | Killed an orc wizard
  1855 | D        | Noticed an orc priest
  1856 | D        | Killed an orc warrior
  1859 | D        | Noticed an orc warrior
  1867 | D        | Killed an orc wizard
  1886 | D        | Killed an orc warrior
  1886 | D        | Reached XP level 11. HP: 37/102 MP: 29/29
  1891 | D        | Killed an orc priest
  2117 | D        | Noticed an orc warrior
  2117 | D        | Noticed an orc warrior
  2117 | D        | Noticed an orc warrior
  2117 | D        | Noticed an orc warrior
  2117 | D        | Noticed an orc warrior
  2117 | D        | Noticed an orc warrior
  2117 | D        | Noticed an orc knight
  2127 | D        | Noticed an orc warrior
  2133 | D        | Killed an orc knight
  2134 | D        | Noticed an orc warrior
  2135 | D        | Killed an orc warrior
  2135 | D        | Reached skill level 5 in Evocations
  2135 | D        | Killed an orc warrior
  2135 | D        | Killed an orc warrior
  2136 | D        | Noticed an orc warrior
  2139 | D        | Noticed an orc warrior
  2144 | D        | Noticed an orc warrior
  2146 | D        | Killed an orc warrior
  2147 | D        | Killed an orc warrior
  2155 | D        | Killed an orc warrior
  2159 | D        | Killed an orc warrior
  2172 | D        | Killed an orc warrior
  2179 | D        | Killed an orc warrior
  2189 | D        | Killed an orc warrior
  2196 | D        | Killed an orc warrior
  2494 | D        | Found Tiyhom's Book Boutique.
  2494 | D        | Noticed a two-headed ogre
  2494 | D        | Noticed a two-headed ogre
  2494 | D        | Noticed an ogre mage
  2494 | D        | Noticed an ogre mage
  2494 | D        | Noticed an ogre
  2494 | D        | Noticed an ogre mage
  2495 | D        | Noticed a blizzard demon
  2496 | D        | Noticed a two-headed ogre
  2498 | D        | Found Traepe's Gadget Shop.
  2500 | D        | Killed a blizzard demon
  2502 | D        | Killed an ogre mage
  2502 | D        | Reached skill level 10 in Armour
  2503 | D        | Killed an ogre
  2506 | D        | Killed an ogre mage
  2506 | D        | Killed a two-headed ogre
  2506 | D        | Killed a two-headed ogre
  2509 | D        | Killed from afar by an ogre mage

Action                   |  1- 3 |  4- 6 |  7- 9 | 10-12 || total
-------------------------+-------+-------+-------+-------++-------
Melee: Long sword        |    66 |    31 |    97 |       ||   194
       Scimitar          |       |       |    22 |   177 ||   199
Invok: Greater Servant o |       |       |     3 |     4 ||     7
       Lesser Servant of |       |       |     1 |       ||     1
Evoke: Wand              |       |     1 |     2 |     4 ||     7
  Use: Potion            |     1 |     2 |     9 |     2 ||    14
       Scroll            |       |       |       |     1 ||     1
 Stab: Invisible         |       |       |    14 |       ||    14
  Eat: Chunk             |       |       |     2 |     5 ||     7
